 Dungeon Crawl Stone Soup version 0.31-a0-232-gb1c03b2570 (webtiles) character file.

Game seed: 12823547713858000605

304 qw the Shooter (level 6, -5/52 HPs)
             Began as a Minotaur Hexslinger on July 7, 2023.
             Killed by divine providence
             ... invoked by an orc priest
              (12 damage)
             ... on level 3 of the Dungeon.
             The game lasted 00:00:54 (1619 turns).

qw the Shooter (Minotaur Hexslinger)                Turns: 1619, Time: 00:00:54

Health: -5/52      AC: 11    Str: 10 (12) XL:     6   Next: 15%
Magic:  6/6        EV: 10    Int:  8 (10) God:
Gold:   183        SH:  0    Dex: 13 (15) Spells: 6/7 levels left

rFire   . . .        Y - +1 sling
rCold   + . .        (no shield)
rNeg    . . .        h - +2 ring mail {rC+}
rPois   .            (helmet restricted)
rElec   .            (no cloak)
rCorr   .            (no gloves)
SInv    .            (no boots)
Will    .....        d - amulet of the acrobat
Stlth   +            g - +4 ring of slaying {mikee}
HPRegen 0.28/turn    i - +4 ring of protection
MPRegen 0.10/turn

%: acrobat
@: about to teleport
A: horns 2, retaliatory headbutt
a: no special abilities


You were on level 3 of the Dungeon.
You visited 1 branch of the dungeon, and saw 4 of its levels.

You collected 183 gold pieces.


Innate Abilities, Weirdness & Mutations

You have a pair of horns on your head.
You reflexively headbutt those who attack you in melee.


   Skills:
 - Level 4.1 Fighting
 + Level 6.0 Ranged Weapons
 - Level 1.2 Armour
 - Level 2.1 Dodging
 - Level 1.0 Spellcasting
 - Level 2.0 Hexes


You had 6 spell levels left.
You knew the following spells:

 Your Spells              Type           Power      Damage    Failure   Level
a - Slow                  Hex            12%        N/A       41%         1

Your spell library contained the following spells:

 Spells                   Type           Power      Damage    Failure   Level
 Inner Flame              Hex/Fire       2%         N/A       89%         3
 Portal Projectile        Hex/Tloc       4%         N/A       89%         3
 Cause Fear               Hex            1%         N/A       99%         4

Inventory:

Hand Weapons
 Y - a +1 sling (weapon)
Armour
 h - a +2 ring mail of cold resistance (worn)
Jewellery
 d - an amulet of the acrobat (around neck)
 g - a +4 ring of slaying (left hand) {mikee}
 i - a +4 ring of protection (right hand)
 j - a ring of fire
Scrolls
 a - a scroll of teleportation
 l - a scroll of identify {unknown}
 o - a scroll of fog {unknown}
Potions
 b - a potion of enlightenment {unknown}
 c - a potion of curing {unknown}
 e - a potion of magic {unknown}
 f - a potion of attraction {unknown}
 k - a potion of lignification {unknown}
 m - a potion of mutation {unknown}
 n - a potion of brilliance {unknown}

Dungeon Overview and Level Annotations

Branches:
Dungeon (4/15)
 Temple: D:4-7

Altars:
Uskayaw
Vehumet


Message History

You shoot a sling bullet.
The sling bullet closely misses the orc priest.
The orc priest hits you but does no damage.
Something hits you.
You shoot a sling bullet.
The sling bullet barely misses the orc priest.
Something hits you.
The orc priest hits you but does no damage.
Something hits you.
The orc priest hits you but does no damage.
You shoot a sling bullet.
The sling bullet barely misses the orc priest.
You hear some strange, mumbled words.
Something tries to affect you, but you resist.
The orc priest hits you but does no damage.
You shoot a sling bullet. The sling bullet hits the orc priest!
The orc priest is severely wounded.
Something hits you but does no damage.
The orc priest invokes the aid of Beogh against you.
Pain shoots through your body!
You shoot a sling bullet. The sling bullet hits the orc priest.
The orc priest is severely wounded.
Something hits you but does no damage.
The orc priest hits you but does no damage.
Something hits you but does no damage.
The orc priest looks encouraged for a moment.
You shoot a sling bullet.
The sling bullet closely misses the orc priest.
The orc priest mumbles some strange prayers to Beogh against you.
Beogh smites you! Something hits you.
1618 ||| READING 2 scrolls of teleportation.
As you read the scroll of teleportation, it crumbles to dust.
You feel strangely unstable. Something hits you but does no damage.
The orc priest hits you but does no damage.
You shoot a sling bullet.
The sling bullet closely misses the orc priest.
The orc priest mumbles some strange prayers to Beogh against you.
Beogh smites you!
You die...

...#. #............
..#. #..!.........
.###.# #............
...... #............
...... #.............
......
#....)................
#....o)...............
#....@{...............
#.....................
#.....................
#.....................
#.....................
#.....................
#.....................
#.....................
#.....................


You could see an orc priest.

Vanquished Creatures
  A black bear (D:4)
  A howler monkey (D:3)
  An orc priest (D:3)
  Natasha (D:2)
  A gnoll (D:1)
  6 adders
  2 dart slugs (D:1)
  2 orcs (D:3)
  5 bats
  4 endoplasms
  2 goblins
  7 hobgoblins
  8 jackals
  2 quokkas
  3 ball pythons (D:1)
  3 frilled lizards
  6 kobolds
  A rat (D:3)
56 creatures vanquished.

Notes
Turn   | Place    | Note
-------+----------+-------------------------------------------
     0 | D:1      | qw the Minotaur Hexslinger began the quest for the Orb.
     0 | D:1      | Reached XP level 1. HP: 16/16 MP: 1/1
     0 | D:1      | 0 ||| qw: Version: 0.3-a-46-gb1f654a
     0 | D:1      | 0 ||| qw: Game counter: 2479
     0 | D:1      | 0 ||| qw: Melee chars always use a shield: true
     0 | D:1      | 0 ||| qw: God list: Okawaru
     0 | D:1      | 0 ||| qw: Allow faded altars: false
     0 | D:1      | 0 ||| qw: Do Orc after clearing Dungeon:15 true
     0 | D:1      | 0 ||| qw: Do second Lair branch before Depths: true
     0 | D:1      | 0 ||| qw: Lair rune preference: random
     0 | D:1      | 0 ||| qw: Goals: Normal
     0 | D:1      | 0 ||| PLANNING D:1-11
    67 | D:1      | 67 ||| FLEEEEING.
    68 | D:1      | 68 ||| FLEEEEING.
    71 | D:1      | 71 ||| FLEEEEING.
   111 | D:1      | Reached skill level 3 in Ranged Weapons
   111 | D:1      | Reached XP level 2. HP: 13/23 MP: 2/2
   240 | D:1      | 240 ||| FLEEEEING.
   437 | D:1      | Reached XP level 3. HP: 18/29 MP: 3/3
   463 | D:1      | 463 ||| FLEEEEING.
   464 | D:1      | 464 ||| FLEEEEING.
   466 | D:1      | 466 ||| FLEEEEING.
   467 | D:1      | 467 ||| FLEEEEING.
   468 | D:1      | 468 ||| FLEEEEING.
   469 | D:1      | 469 ||| FLEEEEING.
   470 | D:1      | 470 ||| FLEEEEING.
   471 | D:1      | 471 ||| FLEEEEING.
   472 | D:1      | 472 ||| FLEEEEING.
   473 | D:1      | 473 ||| FLEEEEING.
   474 | D:1      | 474 ||| FLEEEEING.
   765 | D:1      | 765 ||| UPGRADING to +2 ring mail of cold resistance.
   775 | D:1      | 775 ||| DROPPING +0 robe.
   776 | D:1      | 776 ||| UPGRADING to amulet of the acrobat.
   781 | D:1      | 781 ||| UPGRADING to +4 ring of slaying {mikee}.
   782 | D:1      | 782 ||| UPGRADING to +4 ring of protection.
   783 | D:1      | 783 ||| DROPPING scroll of poison.
   933 | D:2      | Reached skill level 4 in Ranged Weapons
   979 | D:2      | Reached skill level 1 in Armour
   993 | D:2      | Reached XP level 4. HP: 36/36 MP: 4/4
  1044 | D:2      | Noticed Natasha
  1047 | D:2      | Killed Natasha
  1056 | D:2      | Reached skill level 5 in Ranged Weapons
  1123 | D:2      | You fall into a shaft and drop 2 floors!
  1125 | D:4      | 1125 ||| DROPPING ring of see invisible.
  1126 | D:4      | 1126 ||| READING 2 scrolls labelled XIPPIL YKENNESH.
  1131 | D:4      | 1131 ||| READING scroll labelled VONKE NENUORCHAD.
  1132 | D:4      | 1132 ||| Stepping randomly (stuck).
  1133 | D:4      | 1133 ||| Stepping randomly (stuck).
  1134 | D:4      | 1134 ||| Stepping randomly (stuck).
  1135 | D:4      | 1135 ||| Stepping randomly (stuck).
  1136 | D:4      | 1136 ||| Stepping randomly (stuck).
  1137 | D:4      | 1137 ||| Stepping randomly (stuck).
  1138 | D:4      | 1138 ||| Stepping randomly (stuck).
  1139 | D:4      | 1139 ||| Stepping randomly (stuck).
  1140 | D:4      | 1140 ||| Stepping randomly (stuck).
  1141 | D:4      | 1141 ||| Stepping randomly (stuck).
  1142 | D:4      | 1142 ||| Stepping randomly (stuck).
  1143 | D:4      | 1143 ||| Stepping randomly (stuck).
  1144 | D:4      | 1144 ||| Stepping randomly (stuck).
  1145 | D:4      | 1145 ||| Stepping randomly (stuck).
  1146 | D:4      | 1146 ||| Stepping randomly (stuck).
  1147 | D:4      | 1147 ||| Stepping randomly (stuck).
  1148 | D:4      | 1148 ||| Stepping randomly (stuck).
  1149 | D:4      | 1149 ||| Stepping randomly (stuck).
  1150 | D:4      | 1150 ||| Stepping randomly (stuck).
  1151 | D:4      | 1151 ||| Stepping randomly (stuck).
  1152 | D:4      | 1152 ||| Stepping randomly (stuck).
  1153 | D:4      | 1153 ||| Stepping randomly (stuck).
  1154 | D:4      | 1154 ||| Stepping randomly (stuck).
  1155 | D:4      | 1155 ||| Stepping randomly (stuck).
  1156 | D:4      | 1156 ||| Stepping randomly (stuck).
  1157 | D:4      | 1157 ||| Stepping randomly (stuck).
  1158 | D:4      | 1158 ||| Stepping randomly (stuck).
  1159 | D:4      | 1159 ||| Stepping randomly (stuck).
  1160 | D:4      | 1160 ||| Stepping randomly (stuck).
  1161 | D:4      | 1161 ||| Stepping randomly (stuck).
  1162 | D:4      | 1162 ||| Stepping randomly (stuck).
  1162 | D:4      | Found a radiant altar of Vehumet.
  1217 | D:4      | Found a hide-covered altar of Uskayaw.
  1237 | D:4      | Noticed a black bear
  1245 | D:4      | Killed a black bear
  1246 | D:4      | Reached XP level 5. HP: 45/46 MP: 5/5
  1393 | D:4      | 1393 ||| DROPPING amulet of magic regeneration.
  1394 | D:4      | 1394 ||| READING scroll labelled VILYDDE USEA.
  1395 | D:4      | 1395 ||| DRINKING 2 viscous ruby potions.
  1396 | D:4      | 1396 ||| DROPPING potion of degeneration.
  1609 | D:3      | Reached XP level 6. HP: 42/52 MP: 6/6
  1611 | D:3      | Reached skill level 6 in Ranged Weapons
  1617 | D:3      | HP: 8/52 [orc priest/divine providence (10)]
  1618 | D:3      | 1618 ||| READING 2 scrolls of teleportation.
  1619 | D:3      | Killed from afar by an orc priest

Levels and vault maps discovered:
D:1:      minmay_arrival_pointy, layout_basic, grunt_decor_fettered,
          minmay_cut_off
D:2:      layout_loops_ring, basic_altar, minmay_tromino_v4_c, uniq_natasha
D:3:      layout_basic, cheibrodos_ashenzari_chains, nicolae_titane
D:4:      layout_loops_ring, mainiacjoe_overflow_alcove_2,
          mainiacjoe_overflow_catwalk

Skill      XL: |  1  2  3  4  5  6 |
---------------+-------------------+-----
Ranged Weapons | 3 4 5 6 |  6.0
Fighting       | 2 4 |  4.1
Armour         | 1 |  1.2
Dodging        | |  2.1
Spellcasting   | |  1.0
Hexes          | |  2.0

Action                     |  1- 3 |  4- 6 || total
---------------------------+-------+-------++-------
   Fire: Sling             |    83 |    61 ||   144
    Use: Scroll            |       |     4 ||     4
         Potion            |       |     1 ||     1
 Armour: Robe              |     8 |       ||     8
         Ring mail         |       |    34 ||    34
  Dodge: Dodged            |    22 |    21 ||    43

Table legend:
 A = Non-vault XP
 B = Vault XP
 C = Vault XP percentage of total XP
 D = Non-vault monster count
 E = Vault monster count
 F = Vault count percentage of total count
                 A         B        C        D         E       F
            +---------+---------+-------+---------+---------+-------
      Total |     394 |      41 |   9.4 |      52 |       4 |   7.1
            +---------+---------+-------+---------+---------+-------
        D:1 |      54 |       4 |   6.9 |      22 |       2 |   8.3
        D:2 |      68 |      37 |  35.2 |      13 |       2 |  13.3
        D:3 |     131 |       0 |   0.0 |      13 |       0 |   0.0
        D:4 |     141 |       0 |   0.0 |       4 |       0 |   0.0
            +---------+---------+-------+---------+---------+-------
